 Dungeon Crawl Stone Soup version 0.28.0-45-g0d030f2227 (webtiles) character file.

Game seed: 13661940847851509788

2172 Icepheonix32 the Fighter (level 9, 0/81 HPs)
             Began as a Demonspawn Fighter on Apr 8, 2022.
             Was an Initiate of Hepliaklqana.
             Slain by a steam dragon (4 damage)
             ... on level 7 of the Dungeon.
             The game lasted 00:10:09 (7308 turns).

Icepheonix32 the Fighter (Demonspawn Fighter)       Turns: 7308, Time: 00:10:09

Health: 0/81       AC:  8    Str: 20    XL:     9   Next: 11%
Magic:  18/18      EV: 10    Int: 12    God:    Hepliaklqana [......]
Gold:   267        SH:  0    Dex: 13    Spells: 8/8 levels left

rFire   . . .      SeeInvis .   G - +6 mace "Vyntilej" {freeze, Str+2}
rCold   . . .      Faith    .   (no shield)
rNeg    . . .      Spirit   .   b - +0 scale mail
rPois   .          Reflect  .   (helmet unavailable)
rElec   .          Harm     .   F - +0 cloak
rCorr   .          Rampage  .   (no gloves)
Will    .....                   (no boots)
Stlth   ..........              t - amulet of magic regeneration
HPRegen 0.23/turn               s - ring of magical power
MPRegen 0.56/turn               (no ring)

@: no status effects
A: horns 3, weakness stinger 2, demonic touch 2, robust 1
a: Renounce Religion


You were on level 7 of the Dungeon.
You worshipped Hepliaklqana.
Hepliaklqana was noncommittal.
You visited 2 branches of the dungeon, and saw 8 of its levels.

You collected 366 gold pieces.
You spent 99 gold pieces at shops.

Inventory:

Hand Weapons
 a - a +2 war axe of flaming
 p - a +3 falchion of venom
 v - a +3 spear
 G - the +6 mace "Vyntilej" (weapon) {freeze, Str+2}
   (You found it on level 6 of the Dungeon)

   It freezes those it strikes, dealing additional cold damage.
   It can also slow down cold-blooded creatures.
   Str:       It affects your strength (+2).
Missiles
 f - 10 javelins (quivered)
 q - 4 boomerangs
 B - 2 throwing nets
 C - 4 atropa-tipped darts
Armour
 b - a +0 scale mail (worn)
 d - a +0 chain mail
 y - a +0 plate armour
 F - a +0 cloak (worn)
Jewellery
 s - a ring of magical power (left hand)
 t - an amulet of magic regeneration (around neck)
Wands
 n - a wand of charming (5)
 x - a wand of paralysis (4)
 D - a wand of acid (13)
Scrolls
 e - 7 scrolls of identify
 h - 2 scrolls of fog {unknown}
 i - 2 scrolls of noise {unknown}
 j - a scroll of blinking {unknown}
 l - a scroll of vulnerability {unknown}
 o - 4 scrolls of teleportation
 u - a scroll of immolation {unknown}
 w - a scroll of enchant weapon {unknown}
 E - 2 scrolls of enchant armour {unknown}
Potions
 m - 2 potions of brilliance
 r - a potion of cancellation {unknown}
 z - a potion of attraction {unknown}
 A - 2 potions of ambrosia {unknown}


   Skills:
 * Level 8.0 Fighting
 - Level 2.0 Long Blades
 + Level 0.1 Maces & Flails
 + Level 1.0 Throwing
 + Level 6.1 Armour
 + Level 2.6 Dodging
 + Level 1.0 Stealth
 - Level 3.7 Shields
 * Level 4.8 Unarmed Combat


You had 8 spell levels left.
You didn't know any spells.
Your spell library contained the following spells:

 Spells                   Type           Power      Damage    Failure   Level
 Ensorcelled Hibernation  Hex/Ice        0%         N/A       78%         2
 Passwall                 Tmut/Erth      0%         N/A       78%         2
 Sublimation of Blood     Necr           0%         N/A       78%         2
 Wereblood                Tmut           0%         N/A       78%         2
 Swiftness                Air            0%         N/A       95%         3
 Summon Hydra             Summ           0%         N/A       100%        7


Dungeon Overview and Level Annotations

Branches:
Dungeon (7/15)             Temple (1/1) D:6

Altars:
Cheibriados
Dithmenos
Elyvilon
Fedhas
Hepliaklqana
Kikubaaqudgha
Makhleb
Nemelex Xobeh
Okawaru
Qazlal
Ru
Sif Muna
Trog
Uskayaw
Vehumet
Wu Jian
Yredelemnul
Zin
The Shining One
Ignis

Shops:
D:4 ?


Innate Abilities, Weirdness & Mutations

You have a pair of large horns on your head.
You have a tail ending in a sharp stinger.
Your touch may inflict irresistible damage on your foes.
You are robust. (+10% HP)


Message History

You thump the orc warrior! You freeze the orc warrior.
You kill the orc warrior!
You sock the orc! You freeze the orc.
You kill the orc!
The orc wizard casts a spell at you.
You easily resist.
You hit the orc wizard. You freeze the orc wizard.
You touch the orc wizard.
You kill the orc wizard!
The steam dragon breathes steam at you. The ball of steam misses you.
Your Fighting skill increases to level 8!
You are engulfed in a cloud of scalding steam.
* * * LOW HITPOINT WARNING * * *
The steam dragon bites you but does no damage.
The steam dragon barely misses you.
The orc hits you from afar with a +0 trident.
* * * LOW HITPOINT WARNING * * *
Items here: ))) [[[.
You hit the steam dragon. You freeze the steam dragon.
The steam dragon is moderately wounded.
You are engulfed in a cloud of scalding steam.
The steam dragon bites you.
* * * LOW HITPOINT WARNING * * *
The steam dragon claws you but does no damage.
The orc closely misses you.
You hit the steam dragon. You freeze the steam dragon.
You headbutt the steam dragon, but do no damage.
You tail-slap the steam dragon.
The steam dragon is heavily wounded.
You are engulfed in a cloud of scalding steam.
* * * LOW HITPOINT WARNING * * *
The steam dragon bites you but does no damage.
The steam dragon claws you but does no damage.
The orc barely misses you. The steam dragon closely misses you.
The steam dragon barely misses you. The orc hits you but does no damage.
Unknown command.
You feel better. The steam dragon bites you!
* * * LOW HITPOINT WARNING * * *
The steam dragon claws you.
You die...

##. #.. ... #..
#.. ... #..$ #.#
...# ##...##.#
........#
........#
......)o# ### #D#
##.## #@# ##.#.##
#.##########.###.#
#§..........#####.
#.(§.........##...
##########....#...
#########...#....
............#....
#########..##....
#..#.....


You could see a steam dragon and an orc.

Vanquished Creatures
  Sigmund (D:6)
  Eustachio (D:4)
  A steam dragon (D:7)
  An orc warrior (D:7)
  A black bear (D:6)
  3 ogres
  A centaur (D:5)
  A bullfrog (D:6)
  A wyvern zombie (D:4)
  2 scorpions
  A howler monkey (D:5)
  2 bullfrog zombies
  A centaur zombie (D:6)
  2 bullfrog skeletons
  Crazy Yiuf (D:6)
  3 orc priests
  4 hounds
  A centaur skeleton (D:6)
  A gnoll shaman (D:5)
  4 iguanas
  4 orc wizards
  A scorpion zombie (D:5)
  A hound skeleton (D:5)
  A howler monkey skeleton (D:5)
  8 gnolls (D:5)
  7 adders
  2 shadow imps (D:6)
  2 ufetubi
  An adder skeleton (D:4)
  A dart slug (D:3)
  23 orcs
  9 endoplasms
  2 giant cockroaches
  8 goblins
  6 hobgoblins
  3 kobolds
  3 quokkas
  4 ball pythons
  5 bats
  3 frilled lizards
  A quokka skeleton (D:4)
  6 rats
134 creatures vanquished.

Vanquished Creatures (others)
  10 plants (D:2)
10 creatures vanquished.

Grand Total: 144 creatures vanquished

Notes
Turn   | Place    | Note
-------+----------+-------------------------------------------
     0 | D:1      | Icepheonix32 the Demonspawn Fighter began the quest for the
                  | Orb.
     0 | D:1      | Reached XP level 1. HP: 18/18 MP: 1/1
    51 | D:1      | Found a faded altar of an unknown god.
   393 | D:1      | Discovered your monstrous ancestry.
   393 | D:1      | Gained mutation: Your touch may inflict minor irresistible
                  | damage on your foes. [demonic ancestry]
   393 | D:1      | Reached XP level 2. HP: 19/24 MP: 2/2
  1615 | D:2      | Gained mutation: You have a pair of small horns on your
                  | head. [demonic ancestry]
  1615 | D:2      | Reached XP level 3. HP: 15/29 MP: 3/3
  2520 | D:3      | Gained mutation: You have a pair of horns on your head.
                  | [demonic ancestry]
  2520 | D:3      | Reached XP level 4. HP: 32/37 MP: 4/4
  2974 | D:3      | Found a burning altar of Makhleb.
  2974 | D:3      | Found a radiant altar of Vehumet.
  2982 | D:3      | Found an iron altar of Okawaru.
  3164 | D:3      | Reached skill level 1 in Unarmed Combat
  3404 | D:4      | Found Piqoezej's Magic Scroll Emporium.
  3408 | D:4      | Bought a scroll of teleportation for 33 gold pieces
  3408 | D:4      | Bought a scroll of identify for 22 gold pieces
  3408 | D:4      | Bought a scroll of identify for 22 gold pieces
  3408 | D:4      | Bought a scroll of identify for 22 gold pieces
  3435 | D:4      | Gained mutation: You have a small tail. [demonic ancestry]
  3435 | D:4      | Reached XP level 5. HP: 33/42 MP: 5/5
  3573 | D:4      | You fall into a shaft and drop 2 floors!
  3585 | D:6      | Reached skill level 4 in Fighting
  3585 | D:6      | Reached skill level 1 in Dodging
  3600 | D:6      | Noticed an ogre
  3614 | D:6      | Killed an ogre
  3615 | D:6      | Gained mutation: Your touch may inflict irresistible damage
                  | on your foes. [demonic ancestry]
  3615 | D:6      | Reached XP level 6. HP: 10/49 MP: 6/6
  3672 | D:6      | Noticed Sigmund
  3694 | D:6      | Gained mutation: You are robust. (+10% HP) [potion of
                  | mutation]
  3701 | D:6      | Killed Sigmund
  3702 | D:6      | Reached skill level 5 in Fighting
  3702 | D:6      | Gained mutation: You have a pair of large horns on your
                  | head. [demonic ancestry]
  3702 | D:6      | Reached XP level 7. HP: 30/61 MP: 7/7
  3726 | D:6      | Found a staircase to the Ecumenical Temple.
  3737 | Temple   | Entered the Ecumenical Temple
  4228 | D:5      | Entered Level 5 of the Dungeon
  4387 | D:5      | Reached skill level 6 in Fighting
  4518 | D:5      | Reached skill level 5 in Armour
  4518 | D:5      | Reached XP level 8. HP: 71/71 MP: 8/8
  4644 | D:5      | Found a hide-covered altar of Uskayaw.
  5182 | D:4      | Noticed Eustachio
  5196 | D:4      | Killed Eustachio
  5560 | D:4      | Found a hazy altar of Hepliaklqana.
  5571 | D:4      | Reached skill level 1 in Stealth
  5576 | D:4      | Became a worshipper of Hepliaklqana the Forgotten
  5957 | D:5      | Reached skill level 7 in Fighting
  6564 | D:6      | Found a runed translucent door.
  6565 | D:6      | Noticed Crazy Yiuf
  6570 | D:6      | Killed Crazy Yiuf
  6575 | D:6      | Identified the +6 mace "Vyntilej" {freeze, Str+2}
  6628 | D:7      | Reached skill level 1 in Throwing
  6628 | D:7      | Gained mutation: You have a tail ending in a sharp stinger.
                  | [demonic ancestry]
  6628 | D:7      | Reached XP level 9. HP: 12/80 MP: 9/9
  7305 | D:7      | Reached skill level 8 in Fighting
  7307 | D:7      | HP: 4/81 [steam dragon] (12)]
  7308 | D:7      | Slain by a steam dragon

Illustrated notes

Levels and vault maps discovered:
D:1:      amcnicky_arrival_gap_in_the_tavern_cellar, layout_loops_corners,
          hellmonk_ecumenical_altar_leap_of_faith
D:2:      layout_basic, serial_bayou, serial_bayou_lagoon_a,
          serial_bayou_pond_c, serial_bayou_pond_d, serial_bayou_lake_a
D:3:      layout_loops_ring, minmay_overflow_temple_star_hex,
          roderic_roman_lattice
D:4:      layout_gridville, mainiacjoe_overflow_boulevard, serial_shops, shop,
          st_stairs_7, minmay_bent, uniq_eustachio
D:5:      layout_basic, general_overflow_altar
D:6:      layout_rooms, minmay_temple_entry_antechambers, grunt_ministairs_14,
          uniq_sigmund, uniq_crazy_yiuf_cottage
D:7:      layout_loops_ring
Temple:   ebering_untended_altars

Skill      XL: |  1  2  3  4  5  6  7  8  9 |
---------------+----------------------------+-----
Long Blades    | 2 |  2.0
Armour         | 3 4 5 6 |  6.1
Shields        | 3 |  3.7
Unarmed Combat | 1 2 3 4 |  4.8
Fighting       | 4 5 6 7 8 |  8.0
Dodging        | 1 2 |  2.6
Stealth        | 1 |  1.0
Throwing       | 1 |  1.0
Maces & Flails | |  0.1

Action                   |  1- 3 |  4- 6 |  7- 9 || total
-------------------------+-------+-------+-------++-------
Melee: Long sword        |   157 |    11 |       ||   168
       Headbutt          |     2 |    13 |    28 ||    43
       Falchion          |       |    62 |   162 ||   224
       Touch             |       |     6 |    38 ||    44
       Tailslap          |       |     4 |    26 ||    30
       Punch             |       |       |    10 ||    10
       Mace              |       |       |    18 ||    18
Throw: Javelin           |     2 |     2 |     5 ||     9
  Use: Potion            |       |     6 |     2 ||     8
Armor: Scale mail        |   106 |    30 |    98 ||   234
Dodge: Dodged            |    65 |    32 |   112 ||   209
Block: Buckler           |    37 |     4 |       ||    41
